 Dungeon Crawl Stone Soup version 0.27-a0-457-gba82baf56e (webtiles) character file.

Game seed: 12885826118509743426

97 Morbidden the Firebug (level 4, -1/35 HPs)
             Began as a Demigod Fire Elementalist on Feb 28, 2021.
             Slain by an adder (3 damage)
             ... on level 2 of the Dungeon.
             The game lasted 00:01:38 (2476 turns).

Morbidden the Firebug (Demigod Fire Elementalist)   Turns: 2476, Time: 00:01:39

Health: -1/35      AC:  2    Str:  9    XL:     4   Next: 19%
Magic:  7/10       EV:  9    Int: 21    God:
Gold:   118        SH:  0    Dex: 14    Spells: 6/7 levels left

rFire    . . .     SeeInvis .   a - +2 dagger (venom)
rCold    . . .     Faith    .   (no shield)
rNeg     . . .     Spirit   .   j - +0 robe
rPois    .         Reflect  .   (no helmet)
rElec    .         Harm     .   (no cloak)
rCorr    .         Rampage  .   (no gloves)
Will     .....                  (no boots)
Stlth    ++........             (no amulet)
HPRegen  0.11/turn              (no ring)
MPRegen  0.12/turn              (no ring)

@: lethally poisoned (-1 -> -5), constricted
A: high mp 1
a: no special abilities


You were on level 2 of the Dungeon.
You visited 1 branch of the dungeon, and saw 2 of its levels.

You collected 118 gold pieces.

Inventory:

Hand Weapons
 a - a +2 dagger of venom (weapon)
Armour
 j - a +0 robe (worn)
Scrolls
 b - 2 scrolls of enchant weapon {unknown}
 c - a scroll of amnesia {unknown}
 e - 2 scrolls of identify {unknown}
 f - a scroll of magic mapping {unknown}
 g - 2 scrolls of random uselessness {unknown}
 i - a scroll of blinking {unknown}
Potions
 d - a potion of curing {unknown}
 h - a potion of ambrosia {unknown}
 k - a potion of lignification {unknown}


   Skills:
 * Level 1.5 Fighting
 + Level 1.8 Dodging
 + Level 2.2 Stealth
 + Level 2.3 Spellcasting
 + Level 1.8 Conjurations
 + Level 3.2 Fire Magic


You had 6 spell levels left.
You knew the following spells:

 Your Spells              Type           Power        Failure   Level
a - Foxfire               Conj/Fire      52%          4%          1

Your spell library contained the following spells:

 Spells                   Type           Power        Failure   Level
 Conjure Flame            Conj/Fire      13%          16%         3
 Inner Flame              Hex/Fire       9%           22%         3
 Sticky Flame             Conj/Fire      13%          45%         4
 Fireball                 Conj/Fire      6%           80%         5


Dungeon Overview and Level Annotations

Branches:
Dungeon (2/15)


Innate Abilities, Weirdness & Mutations

You have an increased reservoir of magic. (+10% MP)


Message History

The ball python barely misses you.
The foxfire hits the worm.
The worm is moderately wounded.
The foxfire hits the worm.
The worm is heavily wounded.
The adder bites you but does no damage. The ball python bites you.
The ball python grabs you. The ball python constricts you. The worm misses you.
Casting: Foxfire (safe; 4% risk of failure)
Confirm with . or Enter, or press ? or * to list all spells.
You conjure some foxfire!
The adder bites you. The ball python bites you. The ball python constricts you.
The worm closely misses you. The adder bites you.
You are poisoned.
The adder poisons you!
You feel sick.
The foxfire hits the worm.
The worm is heavily wounded.
The foxfire hits the worm.
The worm is severely wounded.
The ball python bites you but does no damage.
The ball python constricts you. The adder barely misses you.
The ball python bites you but does no damage.
The ball python constricts you.
Casting: Foxfire (safe; 4% risk of failure)
Confirm with . or Enter, or press ? or * to list all spells.
You conjure some foxfire!
The adder bites you but does no damage. The worm bites you!
* * * LOW HITPOINT WARNING * * *
The ball python closely misses you.
* * * LOW HITPOINT WARNING * * *
The ball python constricts you.
You feel sick.
The foxfire hits the worm.
The worm is almost dead.
The foxfire hits the worm.
You kill the worm!
The adder closely misses you. The ball python bites you.
* * * LOW HITPOINT WARNING * * *
The ball python constricts you.
The goblin shoots a stone.
The stone hits you.
* * * LOW HITPOINT WARNING * * *
The adder bites you.
You die...

#
#.#################
#................†)
#######.###########
#....>.# #
#.####.###..# #
#........#..# #
######§#.#..# #
#....@..#..#
#...S†S.#..#
#....g..#...
#.......#(##
#.......# #......##
#......# #......#


You could see an adder, a goblin and a ball python.

Vanquished Creatures
  5 gnolls
  2 adders (D:2)
  A worm (D:2)
  A dart slug (D:1)
  A leopard gecko (D:1)
  2 ball pythons
  A giant cockroach (D:2)
  7 goblins
  5 hobgoblins
  2 kobolds (D:1)
  3 bats
  A frilled lizard (D:2)
  2 rats (D:1)
33 creatures vanquished.

Vanquished Creatures (collateral kills)
  2 foxfires (D:1)
2 creatures vanquished.

Vanquished Creatures (others)
  180 foxfires
180 creatures vanquished.

Grand Total: 215 creatures vanquished

Notes
Turn   | Place    | Note
-------+----------+-------------------------------------------
     0 | D:1      | Morbidden the Demigod Fire Elementalist began the quest for
                  | the Orb.
     0 | D:1      | Reached XP level 1. HP: 14/14 MP: 5/5
   482 | D:1      | Reached skill level 1 in Conjurations
   768 | D:1      | Reached XP level 2. HP: 2/22 MP: 2/7
  1363 | D:1      | Reached skill level 3 in Fire Magic
  1789 | D:2      | Reached XP level 3. HP: 18/27 MP: 2/8
  2267 | D:2      | Reached skill level 1 in Fighting
  2368 | D:2      | Reached XP level 4. HP: 35/35 MP: 1/10
  2476 | D:2      | Slain by an adder

Illustrated notes

Levels and vault maps discovered:
D:1:      tarquinn_simple_flora_water_b, layout_loops_ring
D:2:      layout_basic, zin_academy, uniq_sigmund

Skill      XL: |  1  2  3 |
---------------+----------+-----
Stealth        | 2 |  2.2
Conjurations   | 1 |  1.8
Spellcasting   | 2 |  2.3
Fire Magic     | 3 |  3.2
Fighting       | 1 |  1.5
Dodging        | |  1.8

Action                   |  1- 3 |  4- 6 || total
-------------------------+-------+-------++-------
Melee: Dagger            |       |     9 ||     9
 Cast: Foxfire           |   110 |     4 ||   114
Armor: Robe              |     3 |     6 ||     9
Dodge: Dodged            |    15 |    12 ||    27

Table legend: (Time is in decaauts)
 A = Elapsed time spent in this place.
 B = Non-inter-level travel time spent in this place.
 C = Inter-level travel time spent in this place.
 D = Time resting spent in this place.
 E = Time spent auto-exploring this place.
 F = Levels seen in this place.
 G = Mean time per level.
                   A        B        C        D        E       F      G
               +--------+--------+--------+--------+--------+-----+--------+
         Total |   2477 |   2454 |     23 |      0 |   2096 |   2 | 1238.5 |
       Dungeon |   2477 |   2454 |     23 |      0 |   2096 |   2 | 1238.5 |
               +--------+--------+--------+--------+--------+-----+--------+

Top non-repeatable levels by time:
     D:1: 1725 daAuts
     D:2: 751 daAuts
